 Dungeon Sprint DCSS version 0.18-a0-1797-gc18daef (webtiles) character file.

1420 macross the Unseen (level 8, -7/43 HPs)
             Began as a Spriggan Assassin on Apr 22, 2016.
             Mangled by a wasp (11 damage)
             ... in the Dungeon (Sprint II: "The Violet Keep of Menkaure").
             The game lasted 00:02:52 (947 turns).

macross the Unseen (Spriggan Assassin)               Turns: 947, Time: 00:02:53

Health: -7/43      AC:  3    Str:  7    XL:     8   Next: 43%
Magic:  9/9        EV: 27    Int: 13    God:
Gold:   486        SH:  0    Dex: 19    Spells: 0 memorised, 7 levels left

rFire  . . .     SeeInvis +     a - +2 dagger
rCold  . . .     Gourm    .     c - +0 robe
rNeg   . . .     Faith    .     (shield restricted)
rPois  .         Spirit   .     (helmet restricted)
rElec  .         Dismiss  .     d - +0 cloak
rCorr  .         Reflect  .     (gloves unavailable)
SustAt .         Harm     .     (boots unavailable)
MR     +....     NoTele   +     (no amulet)
Stlth  +++++++++.               (no ring)
                                (no ring)

@: very quick, somewhat resistant to hostile enchantments, incredibly stealthy
A: unfitting armour, see invisible, herbivore 3, speed 3, slow metabolism 2
a: no special abilities


You were in the Dungeon.
You were not hungry.

You visited 1 branch You collected 486 gold pieces.

Inventory:

Hand Weapons
 a - a +2 dagger (weapon)
 b - a +0 blowgun
Missiles
 e - 8 poisoned needles
 f - 2 curare-tipped needles
Armour
 c - a +0 robe (worn)
 d - a +0 cloak (worn)
Potions
 h - a potion of curing
 j - a potion of haste
 k - 2 potions of magic
Comestibles
 g - a bread ration


   Skills:
 + Level 5.2 Fighting
 * Level 8.6 Short Blades
 - Level 4.4 Throwing
 * Level 10.0 Dodging
 * Level 20.2 Stealth


You had 7 spell levels left.
You didn't know any spells.

Dungeon Overview and Level Annotations

Branches:
Dungeon (1/1)

Altars:
Cheibriados
Fedhas
Gozag
Kikubaaqudgha
Makhleb
Nemelex Xobeh
Okawaru
Pakellas
Qazlal
Ru
Sif Muna
Trog
Xom
Yredelemnul
Zin
The Shining One
Beogh
Lugonu

Shops:
D =

Annotations:
D Kirke


Innate Abilities, Weirdness & Mutations

You are tiny and cannot use many weapons and most armour.
You have supernaturally acute eyesight.
You are a herbivore.
You cover ground extremely quickly.
You need consume almost no food.


Message History

You feel sick.
You are no longer poisoned.
You miss the wasp.
The wasp is almost dead.
The wasp completely misses you.
You hit the wasp but do no damage.
The wasp is almost dead.
The wasp misses you. The wasp misses you.
You closely miss the wasp.
The wasp is almost dead.
The wasp misses you.
You see here a bolt.
You closely miss the wasp.
The wasp is almost dead.
The polar bear barely misses you.
The polar bear claws you but does no damage.
The polar bear closely misses you. The wasp completely misses you.
The wasp stings you!
You die...

#§≈§§§§≈## §≈;§§≈§§§##
≈;§≈≈§≈;;≈##++# ≈§§≈;≈≈;;
#≈...### §§;≈≈ ≈.....#
#+++#+++## #....# .........#
+....# ≈†##'##..# #.#
≈##..###.#### +@###
≈#..##.#....# #yhc####
###.#.####..## ##..##$#
.###'###.##..# +..#h.#
#.##.##...#..# #..#.c#
##'÷<.'##.'..####..##.# $
#.##.##...#....###...##▓▓▓▓
.###'###.##......≈≈≈≈≈≈≈≈≈≈≈
# #...####≈≈.....≈#'########


You could see a polar bear, a yaktaur and a wasp.

Vanquished Creatures
  A siren (D)
  2 polar bears (D)
  2 hippogriffs (D)
  4 necrophages (D)
  A crocodile (D)
  3 worms (D)
13 creatures vanquished.

Vanquished Creatures (others)
  Menkaure (D)
  A crocodile (D)
2 creatures vanquished.

Grand Total: 15 creatures vanquished

Notes
Turn   | Place    | Note
--------------------------------------------------------------
     0 | D        | macross the Spriggan Assassin began the quest for the Orb.
     0 | D        | Reached XP level 1. HP: 10/10 MP: 2/2
     1 | D        | Noticed a necrophage
     1 | D        | Noticed a necrophage
     1 | D        | Noticed a necrophage
     1 | D        | Noticed a necrophage
     4 | D        | Killed a necrophage
     4 | D        | Reached skill level 12 in Stealth
     4 | D        | Reached XP level 2. HP: 16/16 MP: 3/3
     4 | D        | Reached XP level 3. HP: 19/19 MP: 4/4
     4 | D        | Reached XP level 4. HP: 23/23 MP: 5/5
     8 | D        | Killed a necrophage
     8 | D        | Reached skill level 14 in Stealth
     8 | D        | Reached XP level 5. HP: 28/28 MP: 6/6
    38 | D        | Killed a necrophage
    38 | D        | Reached skill level 15 in Stealth
    39 | D        | HP: 1/28 [necrophage (5)]
    60 | D        | Killed a necrophage
    60 | D        | Reached skill level 16 in Stealth
    60 | D        | Reached XP level 6. HP: 8/33 MP: 7/7
   275 | D        | Killed Menkaure
   356 | D        | Reached skill level 5 in Short Blades
   371 | D        | Noticed a siren
   479 | D        | Killed a siren
   479 | D        | Reached skill level 18 in Stealth
   479 | D        | Reached XP level 7. HP: 35/38 MP: 8/8
   483 | D        | Noticed a hippogriff
   483 | D        | Noticed a hippogriff
   495 | D        | Killed a hippogriff
   495 | D        | Reached skill level 19 in Stealth
   499 | D        | Killed a hippogriff
   869 | D        | Found Pisos's Jewellery Boutique.
   869 | D        | Noticed Kirke
   869 | D        | Noticed a yaktaur captain
   869 | D        | Noticed a kobold demonologist
   870 | D        | Reached skill level 5 in Fighting
   870 | D        | Reached XP level 8. HP: 43/43 MP: 9/9
   883 | D        | Found an oddly glowing altar of Pakellas.
   884 | D        | Found a corrupted altar of Lugonu.
   884 | D        | Found a glowing silver altar of Zin.
   885 | D        | Found a bloodstained altar of Trog.
   885 | D        | Found a sacrificial altar of Ru.
   886 | D        | Found a roughly hewn altar of Beogh.
   886 | D        | Found a glowing golden altar of the Shining One.
   886 | D        | Found a shimmering altar of Xom.
   886 | D        | Found a snail-covered altar of Cheibriados.
   886 | D        | Found a burning altar of Makhleb.
   887 | D        | Found a blossoming altar of Fedhas.
   887 | D        | Found an ancient bone altar of Kikubaaqudgha.
   887 | D        | Found a deep blue altar of Sif Muna.
   888 | D        | Found a stormy altar of Qazlal.
   888 | D        | Found a basalt altar of Yredelemnul.
   888 | D        | Found an iron altar of Okawaru.
   889 | D        | Found an opulent altar of Gozag.
   889 | D        | Found a sparkling altar of Nemelex Xobeh.
   890 | D        | Noticed a polar bear
   891 | D        | Noticed a yaktaur
   892 | D        | Noticed a polar bear
   892 | D        | Noticed a polar bear
   893 | D        | Killed a polar bear
   894 | D        | Killed a polar bear
   894 | D        | Reached skill level 10 in Dodging
   894 | D        | Reached skill level 20 in Stealth
   947 | D        | Mangled by a wasp

Vault maps used:
D:        the_violet_keep_of_menkaure

Skill      XL: |  1  2  3  4  5  6  7  8 |
---------------+-------------------------+-----
Fighting       | 2 3 4 5 |  5.2
Short Blades   | 3 4 6 7 8 |  8.6
Throwing       | 3 4 |  4.4
Stealth        | 12 14 16 18 19 20 | 20.2
Dodging        | 4 7 8 10 | 10.0

Action                   |  1- 3 |  4- 6 |  7- 9 || total
-------------------------+-------+-------+-------++-------
Melee: Dagger            |     1 |   156 |    54 ||   211
  Use: Potion            |       |     1 |     1 ||     2
       Scroll            |       |       |     1 ||     1
 Stab: Sleeping          |     1 |     4 |     3 ||     8
Armor: Robe              |       |     3 |     5 ||     8
Dodge: Dodged            |       |    36 |    57 ||    93
